 Dungeon Crawl Stone Soup version 0.32-a0-918-g0f22ef8d61 (webtiles) character file.

Game seed: 15113779552303173686

36 Adrian566 the Sneak (level 3, -4/24 HPs)
             Began as an Octopode Brigand on Apr 11, 2024.
             Killed by divine providence
             ... invoked by an orc priest
              (14 damage)
             ... on level 3 of the Dungeon.
             The game lasted 00:00:56 (1298 turns).

Adrian566 the Sneak (Octopode Brigand)              Turns: 1298, Time: 00:00:57

Health: -4/24      AC:  1    Str: 10    XL:     3   Next: 37%
Magic:  3/3        EV:  9    Int: 13    God:
Gold:   95         SH:  7    Dex: 15    Spells: 2/2 levels left

rFire   . . .        a - +2 dagger
rCold   . . .        l - +0 kite shield
rNeg    . . .        (helmet restricted)
rPois   .            (no amulet)
rElec   .            (no ring)
rCorr   .            (no ring)
SInv    .            (no ring)
Will    .....        (no ring)
Stlth   ++++         (no ring)
HPRegen 0.24/turn    (no ring)
MPRegen 0.08/turn    (no ring)
                     (no ring)

%: no passive effects
@: no status effects
A: almost no armour, amphibious, 8 rings, camouflage 1, gelatinous body 1,
(nimble swimmer 1), tentacles
a: Convert to Beogh


You were on level 3 of the Dungeon.
You visited 1 branch of the dungeon, and saw 3 of its levels.

You collected 95 gold pieces.

Inventory:

Hand Weapons
 a - a +2 dagger (weapon)
Missiles
 b - 8 poisoned darts (quivered)
 c - 3 curare-tipped darts
Armour
 l - a +0 kite shield (worn)
Jewellery
 k - a ring of fire
Wands
 o - a wand of paralysis (6)
Scrolls
 g - 3 scrolls of identify {unknown}
 i - 2 scrolls of blinking {unknown}
 j - a scroll of immolation {unknown}
 m - a scroll of fear {unknown}
Potions
 d - a potion of heal wounds {unknown}
 e - 2 potions of might {unknown}
 f - a potion of curing {unknown}
 h - 2 potions of magic {unknown}
 n - a potion of ambrosia {unknown}
 p - a potion of enlightenment {unknown}


   Skills:
 + Level 2.2 Fighting
 + Level 2.1 Short Blades
 + Level 2.1 Throwing
 + Level 1.0 Dodging
 * Level 6.5 Stealth


You had 2 spell levels left.
You didn't know any spells.
Your spell library contained the following spells:

 Spells                   Type           Power      Damage    Failure   Level
 Kiss of Death            Conj/Necr      0%         2d5       86%         1
 Summon Small Mammal      Summ           0%         N/A       86%         1
 Call Canine Familiar     Summ           0%         N/A       99%         3
 Confusing Touch          Hex            0%         N/A       99%         3
 Inner Flame              Hex/Fire       0%         N/A       99%         3
 Dispel Undead            Necr           0%         3d6       100%        4
 Flame Wave               Conj/Fire      0%         2d4       100%        4
 Sticky Flame             Fire/Alch      0%         2d4       100%        4
 Summon Blazeheart Golem  Fire/Summ      0%         N/A       100%        4


Dungeon Overview and Level Annotations

Branches:
Dungeon (3/15)

Altars:


Innate Abilities, Weirdness & Mutations

You cannot wear most types of armour.
You are amphibious.
You can wear up to eight rings at the same time.
Your skin changes colour to match your surroundings (Stealth+).
Your rubbery body absorbs attacks. (AC +1, EV +1)
((You are camouflaged when in or above water. (Stealth+)))
You have tentacles for arms and can constrict up to eight enemies at once.


Message History

Found a blade talisman.
You see here a blade talisman.
Found a stone staircase leading up.
No target in view!
No target in view!
No target in view!
No target in view!
No target in view!
No target in view!
No target in view!
No target in view!
No target in view!
A ribbon worm comes into view.
A ribbon worm is nearby!
Found a stone staircase leading down.
The helpless ribbon worm fails to defend itself.
You impale the ribbon worm!!
You kill the ribbon worm!
No target in view!
No target in view!
No target in view!
No target in view!
No target in view!
No target in view!
No target in view!
You see here a ribbon worm corpse.
An orc priest comes into view. It is wielding a +0 mace.
An orc priest is nearby!
An orc comes into view. It is wielding a +0 club.
The orc priest calls down the wrath of Beogh upon you.
Beogh smites you!
Ouch! That really hurt!
The orc shouts!
You hear a shout!
The orc priest shouts, "Beogh offers mercy even to people such as you.
Join us and be reborn!" (press Y on the ability menu to convert to Beogh)
You see here a ribbon worm corpse.
The orc priest mumbles some strange prayers to Beogh against you.
Beogh smites you!
Ouch! That really hurt!
You die...

#.....##.....######.#####
#..##.###%# .... #......
#.# #### ##.#.# #.###.#
#.##.# #.....# ..##.#
##..### #.##.###...### .
#.##.##......#
....###.##.##.@<.#.#
#....oo..†.....#.# #
#..##...........#. . #
####.##.#..#.## #
...##.#..#.# #
.#####.#..# ############
# #.#..# #..........
#...>..##.....#.... ##
..........###


You could see an orc priest and an orc.

Vanquished Creatures
  An adder (D:2)
  A ribbon worm (D:3)
  3 ball pythons (D:2)
  2 endoplasms (D:2)
  A giant cockroach (D:1)
  4 goblins
  2 hobgoblins
  2 quokkas
  3 bats
  A frilled lizard (D:2)
  4 rats
24 creatures vanquished.

Notes
Turn   | Place    | Note
-------+----------+-------------------------------------------
     0 | D:1      | Adrian566 the Octopode Brigand began the quest for the Orb.
     0 | D:1      | Reached XP level 1. HP: 14/14 MP: 1/1
   229 | D:1      | Reached XP level 2. HP: 19/19 MP: 2/2
   548 | D:2      | Reached skill level 6 in Stealth
   667 | D:2      | Reached XP level 3. HP: 18/24 MP: 3/3
  1298 | D:3      | Killed from afar by an orc priest

Illustrated notes

Levels and vault maps discovered:
D:1:      minmay_arrival_wavy_path, layout_rooms, minivault_27
D:2:      layout_basic
D:3:      layout_loops_ring, hellmonk_ecumenical_altar_inner_sanctum

Skill      XL: |  1  2 |
---------------+-------+-----
Stealth        | 6 |  6.5
Fighting       | |  2.2
Short Blades   | |  2.1
Throwing       | |  2.1
Dodging        | |  1.0

Action                     || total
---------------------------++-------
  Melee: Dagger            ||    34
         Constrict         ||     7
         Tentacles         ||     5
  Throw: Dart              ||     7
   Stab: Sleeping          ||     9
 Armour: Skin              ||    13
  Dodge: Dodged            ||    10
  Block: Kite shield       ||     1

Table legend: (Time is in decaauts)
 A = Elapsed time spent in this place.
 B = Non-inter-level travel time spent in this place.
 C = Inter-level travel time spent in this place.
 D = Time resting spent in this place.
 E = Time spent auto-exploring this place.
 F = Levels seen in this place.
 G = Mean time per level.
                   A        B        C        D        E       F      G
               +--------+--------+--------+--------+--------+-----+--------+
         Total |   1294 |   1268 |     26 |      0 |   1090 |   3 |  431.3 |
       Dungeon |   1294 |   1268 |     26 |      0 |   1090 |   3 |  431.3 |
               +--------+--------+--------+--------+--------+-----+--------+

Top non-repeatable levels by time:
     D:2: 627 daAuts
     D:1: 468 daAuts
     D:3: 198 daAuts
